 Dungeon Crawl Stone Soup version 0.29-a0-1030-gf5f8719cae (webtiles) character file.

Game seed: 13629169526417549354

5704 RepoMan the Fighter (level 10, -2/107 HPs)
             Began as an Ogre Hunter on Aug 14, 2022.
             Was a Plaything of Xom.
             Slain by a wolf (4 damage)
             ... on level 10 of the Dungeon.
             The game lasted 01:06:16 (15614 turns).

RepoMan the Fighter (Ogre Hunter)                  Turns: 15614, Time: 01:06:16

Health: -2/107     AC:  2    Str: 21    XL:     10   Next: 76%
Magic:  3/3        EV: 10    Int:  8    God:    Xom [...*..]
Gold:   673        SH:  5    Dex: 12    Spells: 9/9 levels left

rFire   . . .      SeeInvis .   a - +2 war axe (antimagic)
rCold   . . .      Faith    .   (no shield)
rNeg    + . .      Spirit   .   c - +0 robe
rPois   +          Reflect  +   (helmet restricted)
rElec   .          Harm     .   (no cloak)
rCorr   .          Rampage  .   (gloves unavailable)
rMut    +                       (boots unavailable)
Will    +++..                   s - amulet of reflection
Stlth   +.........              n - ring of poison resistance
HPRegen 0.27/turn               d - ring of positive energy
MPRegen 0.08/turn

@: no status effects
A: large, unfitting armour, tough skin 1, hooves 1, deformed body, dopey 1,
frail 1, strong-willed 2, mutation resistance 3
a: Renounce Religion


You were on level 10 of the Dungeon.
You worshipped Xom.
You were a favourite toy of Xom.
You visited 2 branches of the dungeon, and saw 11 of its levels.
You visited the Abyss 1 time.

You collected 679 gold pieces.
You spent 6 gold pieces at shops.

Inventory:

Hand Weapons
 a - a +2 antimagic war axe (weapon)
 m - a +3 trident of freezing
 y - the +6 sling of Parts Unknown {flame, Stlth+}
   (You found it on level 8 of the Dungeon)

   Any ammunition fired from it burns those it strikes, dealing additional fire
   damage.
   Stlth:     It makes you more stealthy.
Missiles
 q - 11 stones (quivered)
 r - 2 poisoned darts
Armour
 c - a +0 robe (worn)
Magical Staves
 g - a staff of fire
 k - a staff of air
Jewellery
 d - a ring of positive energy (right hand)
 n - a ring of poison resistance (left hand)
 o - the ring "Biot" {Ice Fly Will++}
   (You found it on level 3 of the Dungeon)

   [ring of ice]

   It enhances your ice magic.
   rF:        It makes you vulnerable to fire.
   rC:        It protects you from cold.
   Fly:       It grants you flight.
   Will:      It greatly increases your willpower.
 s - an amulet of reflection (around neck)
Wands
 x - a wand of flame (30)
Scrolls
 b - 13 scrolls of enchant weapon
 w - 3 scrolls of butterflies
Potions
 h - 2 potions of degeneration
 j - 2 potions of mutation
 l - a potion of cancellation
 p - 3 potions of ambrosia
 u - a potion of magic


   Skills:
 * Level 13.4 Fighting
 + Level 12.0 Throwing
 - Level 1.7 Dodging
 - Level 0.6 Stealth
 - Level 3.6 Unarmed Combat


You had 9 spell levels left.
You didn't know any spells.
Your spell library contained the following spells:

 Spells                   Type           Power      Damage    Failure   Level
 Magic Dart               Conj           0%         1d3       41%         1
 Shock                    Conj/Air       0%         1d3       41%         1
 Searing Ray              Conj           0%         2d4       54%         2
 Sublimation of Blood     Necr           0%         N/A       54%         2
 Dazzling Flash           Conj/Hex       0%         N/A       78%         3
 Ozocubu's Armour         Ice            0%         N/A       78%         3
 Swiftness                Air            0%         N/A       78%         3
 Airstrike                Air            0%         2d(0-16)  99%         4
 Fulminant Prism          Conj/Hex       0%         3d6       99%         4
 Iskenderun's Mystic Bla  Conj/Tloc      0%         2d3       99%         4
 Petrify                  Tmut/Erth      0%         N/A       99%         4
 Irradiate                Conj/Tmut      0%         3d11      100%        5
 Metabolic Englaciation   Hex/Ice        0%         N/A       100%        5
 Simulacrum               Ice/Necr       0%         N/A       100%        6
 Starburst                Conj/Fire      0%         6d3       100%        6


Dungeon Overview and Level Annotations

Branches:
Dungeon (10/15)            Temple (1/1) D:5
   Lair: D:8-11         Orc: D:9-12

Altars:
Ashenzari
Cheibriados
Dithmenos
Elyvilon
Fedhas
Gozag
Hepliaklqana
Kikubaaqudgha
Makhleb
Nemelex Xobeh
Okawaru
Qazlal
Ru
Sif Muna
Trog
Uskayaw
Vehumet
Wu Jian
Xom
Yredelemnul
Zin
The Shining One

Shops:
D:3 (   D:4 *   D:7 :

Annotations:
D:5 2 transporters, paps's ghost, weakling TrDe
D:10 exclusion: door


Innate Abilities, Weirdness & Mutations

You are too large for most types of armour.
You have tough skin. (AC +1)
You have large cloven feet.
Armour fits poorly on your strangely shaped body.
You are dopey. (Int -2)
You are frail. (-10% HP)
You are highly strong-willed. (Will++)
You are almost entirely resistant to further mutation and mutation removal.


Message History

The wolf bites you!
* * * LOW HITPOINT WARNING * * *
The wolf bites you!
* * * LOW HITPOINT WARNING * * *
Unknown command.
Okay, then.
Aiming: Throw Flame
Press: ? - help, Shift-Dir - straight line, f - wolf
Aim: a wolf (moderately wounded, 48% to hit)
The puff of flame hits the wolf.
The wolf is heavily wounded.
The wolf closely misses you. The wolf bites you.
* * * LOW HITPOINT WARNING * * *
You completely miss the wolf. Your kick misses the wolf.
The wolf is heavily wounded.
The wolf bites you!
* * * LOW HITPOINT WARNING * * *
You block the wolf's attack. The wolf bites you!
* * * LOW HITPOINT WARNING * * *
Unknown command.
Okay, then.
Okay, then.
Unknown command.
As you read the scroll of butterflies, it crumbles to dust.
You hear the tinkle of a tiny bell.
The wolf bites you.
* * * LOW HITPOINT WARNING * * *
Unknown command.
You swap places.
The wolf attacks as you move away! The wolf closely misses you.
The wolf bites your butterfly.
Your butterfly dies!
Your butterfly disappears in a burst of colours!
The wolf bites your butterfly!
Your butterfly dies!
Your butterfly disappears in a burst of colours!
You swap places.
The wolf bites your butterfly!
Your butterfly dies!
Your butterfly disappears in a burst of colours!
Unknown command.
You swap places.
The wolf bites you.
You die...

######### ######.......#
....##.......#
....##.......#
....##.......##########
...>''...÷S..+.......>###
....##.......##.#.#.....#
######..~~...#.b........#
#.......#.h@.b.....#
#.......#..bb..b...#
#.......'bbbbb..#.##
#...b...#.b..b..#.###
#########.#.##......#
#.#.##....#.#
###.......#.# #.##...##.#
#......##.#


You could see a wolf (ally target).

Vanquished Creatures
  Erolcha (D:9)
  Joseph (D:8)
  2 trolls (D:10)
  A hornet (D:10)
  3 yaks (D:10)
  A wyvern (D:10)
  A basilisk (D:10)
  A water moccasin (D:10)
  2 orc warriors (D:9)
  A sky beast (D:8)
  A black bear (D:5)
  A centaur (D:7)
  2 ogres (D:5)
  A kobold brigand (D:4)
  A bullfrog (D:6)
  3 gnoll sergeants
  3 scorpions
  11 wights
  3 howler monkeys
  4 electric eels (D:6)
  2 gnoll boudas
  4 orc priests
  5 hounds
  3 iguanas
  Natasha (thrice) (D:2)
  8 orc wizards
  19 gnolls
  5 adders
  A shadow imp (D:5)
  A white imp (D:5)
  An ufetubus (D:6)
  3 worms
  A dart slug (D:1)
  20 orcs
  5 endoplasms
  6 giant cockroaches
  9 goblins
  4 hobgoblins
  2 jackals (D:4)
  8 kobolds
  A quokka (D:1)
  4 ball pythons
  9 bats
  4 frilled lizards
  5 rats
177 creatures vanquished.

Vanquished Creatures (collateral kills)
  A steam dragon (D:6)
  An orc warrior (D:8)
  A hound (D:6)
  An orc priest (D:8)
  An orc wizard (D:8)
  An orc (D:8)
6 creatures vanquished.

Vanquished Creatures (others)
  A wizard (D:9)
  An ugly thing (D:9)
  A howler monkey (D:9)
  3 fungi (D:10)
  30 plants
36 creatures vanquished.

Grand Total: 219 creatures vanquished

Notes
Turn   | Place    | Note
-------+----------+-------------------------------------------
     0 | D:1      | RepoMan the Ogre Hunter began the quest for the Orb.
     0 | D:1      | Reached XP level 1. HP: 22/22 MP: 1/1
    21 | D:1      | Reached skill level 3 in Fighting
    39 | D:1      | Reached XP level 2. HP: 26/31 MP: 2/2
   298 | D:1      | Reached skill level 4 in Fighting
   736 | D:1      | Reached skill level 1 in Throwing
   739 | D:1      | Reached XP level 3. HP: 37/39 MP: 3/3
   817 | D:1      | Found a faded altar of an unknown god.
  1033 | D:2      | Found a sparkling altar of Nemelex Xobeh.
  1363 | D:2      | Noticed Natasha
  1374 | D:2      | Killed Natasha
  1375 | D:2      | Reached XP level 4. HP: 14/49 MP: 4/4
  1603 | D:2      | Noticed Natasha
  1616 | D:2      | Killed Natasha
  2230 | D:2      | Noticed Natasha
  2244 | D:2      | Killed Natasha
  2245 | D:2      | Reached skill level 5 in Fighting
  2245 | D:2      | Reached XP level 5. HP: 29/57 MP: 5/5
  2660 | D:3      | Found Utativel's Antique Weapon Shop.
  2719 | D:3      | Identified the ring "Biot" {Ice Fly Will++}
  2724 | D:3      | Identified the +5 ring mail "Wisk" {rN+ Str+2 Int+2}
  3024 | D:4      | Found Epecwa's General Store.
  3211 | D:4      | Bought 5 stones for 6 gold pieces
  3256 | D:4      | Noticed a kobold brigand
  3270 | D:4      | Killed a kobold brigand
  3271 | D:4      | Reached XP level 6. HP: 61/66 MP: 6/6
  3924 | D:5      | Entered Level 5 of the Dungeon
  4004 | D:5      | Reached skill level 6 in Fighting
  4311 | D:5      | Noticed paps's ghost (weakling TrDe)
  4330 | D:5      | Found a transporter.
  4362 | D:5      | Reached skill level 5 in Throwing
  4362 | D:5      | Reached XP level 7. HP: 76/76 MP: 7/7
  4386 | D:5      | Found a staircase to the Ecumenical Temple.
  4413 | Temple   | Entered the Ecumenical Temple
  4431 | Temple   | Became a worshipper of Xom of Chaos
  5023 | D:5      | XOM: silly message
  5093 | D:5      | XOM: cloud trail
  5240 | D:5      | Found a transporter.
  5284 | D:5      | XOM: cloud trail
  5440 | D:5      | Reached skill level 7 in Fighting
  5742 | D:5      | XOM is BORED!
  5742 | D:5      | XOM: give mutations
  5742 | D:5      | Gained mutation: You are weak. (Str -2) [Xom's mischief]
  5742 | D:5      | Gained mutation: You occasionally lose the ability to drink
                  | potions when taking damage. [Xom's mischief]
  5742 | D:5      | Lost mutation: You are weak. (Str -2) [Xom's mischief]
  5805 | D:5      | XOM: give mutations
  5805 | D:5      | Gained mutation: Your body sometimes deteriorates upon
                  | taking damage. [Xom's mischief]
  5805 | D:5      | Gained mutation: You are frail. (-10% HP) [Xom's mischief]
  5941 | D:6      | Reached XP level 8. HP: 58/78 MP: 8/8
  6116 | D:6      | Found a broken altar of Ashenzari.
  6116 | D:6      | XOM: 4-stop teleportation journey
  6139 | D:6      | Lost mutation: You are frail. (-10% HP) [potion of
                  | mutation]
  6139 | D:6      | Lost mutation: You occasionally lose the ability to drink
                  | potions when taking damage. [potion of mutation]
  6139 | D:6      | Lost mutation: Your body sometimes deteriorates upon taking
                  | damage. [potion of mutation]
  6139 | D:6      | Gained mutation: You are strong-willed. (Will+) [potion of
                  | mutation]
  6139 | D:6      | Gained mutation: You are robust. (+10% HP) [potion of
                  | mutation]
  6147 | D:6      | XOM: enchant monster (good)
  6189 | D:6      | XOM: summons friendly iron imp
  6289 | D:6      | XOM: silly message
  6377 | D:6      | XOM: god gift: 6 stones
  6515 | D:6      | Reached skill level 8 in Fighting
  6612 | D:5      | XOM: silly message
  6955 | D:6      | XOM: silly message
  7233 | D:6      | XOM: swap monsters
  7314 | D:7      | Found a shadowy altar of Dithmenos.
  7314 | D:7      | Found an ornate altar of the Wu Jian Council.
  7314 | D:7      | Found a bloodstained altar of Trog.
  7314 | D:7      | Found a shimmering blue altar of Sif Muna.
  7314 | D:7      | XOM: 3-stop teleportation journey
  7417 | D:7      | XOM: enchant monster (bad)
  7432 | D:7      | XOM: silly message
  7437 | D:7      | XOM: enchant monster (bad)
  7441 | D:7      | XOM: silly message
  7779 | D:8      | XOM: enchant monster (bad)
  8113 | D:9      | XOM: give mutation
  8113 | D:9      | Gained mutation: You are clumsy. (Dex -2) [Xom's mischief]
  8192 | D:9      | Reached skill level 9 in Fighting
  8212 | D:9      | Reached XP level 9. HP: 107/107 MP: 9/9
  8224 | D:9      | Noticed a centaur warrior
  8224 | D:9      | Noticed a deep elf pyromancer
  8224 | D:9      | Noticed an efreet
  8224 | D:9      | Noticed a manticore
  8224 | D:9      | Noticed a meliai
  8224 | D:9      | Noticed a cyan ugly thing
  8234 | D:9      | Noticed a centaur warrior
  8234 | D:9      | Noticed a cyan ugly thing
  8234 | D:9      | Noticed a cyan ugly thing
  8234 | D:9      | Noticed a wizard
  8338 | D:9      | Noticed Erolcha
  8339 | Abyss:2  | Cast into level 2 of the Abyss (Erolcha)
  8367 | Abyss:2  | Noticed an ancient zyme
  8368 | Abyss:2  | Noticed a vampire mage
  8374 | Abyss:2  | XOM: cleaving
  8379 | D:9      | Escaped the Abyss
  8440 | D:9      | Killed Erolcha
  8441 | D:9      | Reached skill level 10 in Fighting
  8441 | D:9      | Reached skill level 10 in Throwing
  8743 | D:9      | XOM: give mutations
  8743 | D:9      | Lost mutation: You are clumsy. (Dex -2) [Xom's grace]
  8743 | D:9      | Gained mutation: You have hidden genetic potential. [Xom's
                  | grace]
  8743 | D:9      | Gained mutation: You have large cloven feet. [Xom's grace]
  8743 | D:9      | Gained mutation: Your system is resistant to poisons.
                  | (rPois) [Xom's grace]
  9038 | D:9      | XOM: summons 5 hostile demons
  9039 | D:9      | Noticed a smoke demon
  9055 | D:9      | HP: 3/111 [smoke demon[Xom] (4)]
  9060 | D:9      | XOM: silly message
  9073 | D:9      | Killed a cyan ugly thing
  9526 | D:8      | XOM: chaos upgrade
  9595 | D:8      | Noticed Joseph
  9602 | D:8      | XOM: cleaving
  9620 | D:8      | Killed Joseph
  9855 | D:8      | XOM: polymorph water moccasin -> scorpion
 10309 | D:8      | Reached XP level 10. HP: 61/122 MP: 3/10
 10560 | D:8      | Identified the +6 sling of Parts Unknown {flame, Stlth+}
 10686 | D:8      | Reached skill level 11 in Fighting
 10708 | D:8      | XOM: scenery: 1 doors close
 10778 | D:8      | Found an iron altar of Okawaru.
 10787 | D:8      | Found a glowing golden altar of the Shining One.
 10886 | D:8      | XOM: cloud trail
 11385 | D:8      | XOM: give mutations
 11385 | D:8      | Gained mutation: You possess an exceptional clarity of
                  | mind. [Xom's grace]
 11385 | D:8      | Gained mutation: Your spells are a little harder to cast,
                  | but a little more powerful. [Xom's grace]
 11385 | D:8      | Lost mutation: You have hidden genetic potential. [Xom's
                  | grace]
 11385 | D:8      | Gained mutation: You are somewhat resistant to further
                  | mutation. [Xom's grace]
 11591 | D:8      | XOM: silly message
 11734 | D:8      | XOM: give mutations
 11734 | D:8      | Lost mutation: You possess an exceptional clarity of mind.
                  | [Xom's mischief]
 11734 | D:8      | Lost mutation: You are robust. (+10% HP) [Xom's mischief]
 11734 | D:8      | Gained mutation: You are highly strong-willed. (Will++)
                  | [Xom's mischief]
 11777 | D:7      | HP: 3/114 [gnoll/+0 spear[a gnoll sergeant] (8)]
 11777 | D:7      | XOM: smoke on damage
 12118 | D:8      | XOM: divination: magic mapping
 12122 | D:7      | XOM: fog
 12128 | D:8      | XOM: smoke on damage
 12545 | D:7      | Found Songioru's Book Emporium.
 13141 | D:7      | XOM is BORED!
 13141 | D:7      | XOM: summons 1 hostile demon
 13335 | D:7      | XOM: give mutations
 13335 | D:7      | Lost mutation: Your spells are a little harder to cast, but
                  | a little more powerful. [Xom's mischief]
 13335 | D:7      | Gained mutation: You are somewhat resistant to both further
                  | mutation and mutation removal. [Xom's mischief]
 13335 | D:7      | Gained mutation: You are dopey. (Int -2) [Xom's mischief]
 13335 | D:7      | Lost mutation: Your system is resistant to poisons. (rPois)
                  | [Xom's mischief]
 13478 | D:6      | XOM: summons 6 hostile demons
 13479 | D:6      | Noticed a smoke demon
 13646 | D:5      | XOM: give mutation
 13646 | D:5      | Gained mutation: You are frail. (-10% HP) [Xom's mischief]
 13794 | D:6      | XOM: give mutations
 13794 | D:6      | Gained mutation: You are almost entirely resistant to
                  | further mutation and mutation removal. [Xom's mischief]
 13794 | D:6      | Gained mutation: Armour fits poorly on your strangely
                  | shaped body. [Xom's mischief]
 14086 | D:10     | Entered Level 10 of the Dungeon
 14121 | D:10     | XOM: polymorph yak -> hornet
 14122 | D:10     | HP: 4/91 [troll (3)]
 14244 | D:9      | Killed a wizard
 14522 | D:10     | Reached skill level 12 in Fighting
 14558 | D:10     | XOM: silly message
 14978 | D:10     | XOM: enchant monster (bad)
 15023 | D:10     | XOM: cast spell 'Disjunction'
 15024 | D:10     | XOM: summons friendly shadow imp
 15051 | D:10     | Reached skill level 13 in Fighting
 15239 | D:9      | XOM: god gift: ivory ring {god gift}
 15610 | D:10     | HP: 3/107 [wolf (9)]
 15611 | D:10     | HP: 1/107 [wolf (2)]
 15614 | D:10     | Slain by a wolf

Illustrated notes

Levels and vault maps discovered:
D:1:      nzn_arrival_crosshair, layout_basic, chequers_ecumenical_altar_simple,
          hangedman_decor_clover_reticule
D:2:      layout_basic, basic_altar, kennysheep_generic_room_7, uniq_natasha
D:3:      layout_rooms, serial_shops, nicolae_shop_hallway_plus
D:4:      layout_basic, serial_shops, nicolae_shop_waterfront
D:5:      layout_loops_ring, minmay_temple_entry_statues_pillars,
          gammafunk_ghost_hive
D:6:      layout_cave_pools, evilmike_ruin_ashenzari, hangedman_decor_push,
          minmay_misc_feat_doors, serial_bayou_lagoon_b
D:7:      layout_cave_pools, chequers_temple_overflow_statue_of_worship,
          serial_shops, shop, minivault_19, amcnicky_mini_pool_small,
          hangedman_decor_riveting
D:8:      layout_basic, mainiacjoe_overflow_swirl, uniq_joseph
D:9:      layout_basic, minivault_12, uniq_erolcha
D:10:     layout_basic, minmay_lair_entry_grove, hellmonk_bongcloud_opening,
          uniq_lodul
Temple:   hellmonk_temple_two_chambers

Skill      XL: |  1  2  3  4  5  6  7  8  9 10 |
---------------+-------------------------------+-----
Fighting       | 3 4 5 6 7 9 10 13 | 13.4
Throwing       | 1 2 3 4 5 6 8 11 12 | 12.0
Dodging        | |  1.7
Stealth        | |  0.6
Unarmed Combat | |  3.6

Action                   |  1- 3 |  4- 6 |  7- 9 | 10-12 || total
-------------------------+-------+-------+-------+-------++-------
Melee: Unarmed           |    97 |   177 |   222 |       ||   496
       Punch             |     4 |     7 |    14 |     5 ||    30
       Kick              |       |       |    15 |    37 ||    52
       War axe           |       |       |    13 |   120 ||   133
       Trident           |       |       |     8 |    13 ||    21
 Fire: Sling             |     6 |     1 |       |    31 ||    38
       Shortbow          |       |       |    24 |       ||    24
Throw: Dart              |     2 |    20 |    51 |    12 ||    85
       Stone             |       |    30 |    49 |     5 ||    84
       Boomerang         |       |     6 |    93 |       ||    99
Evoke: Wand              |       |       |     5 |    17 ||    22
  Use: Scroll            |       |       |     9 |     3 ||    12
       Potion            |       |       |    14 |     3 ||    17
 Stab: Sleeping          |     1 |     4 |       |       ||     5
       Paralysed         |       |       |    11 |    10 ||    21
Armor: Skin              |     5 |       |       |       ||     5
       Robe              |    14 |    25 |    54 |    22 ||   115
Dodge: Dodged            |    50 |    76 |   133 |    89 ||   348
Block: Other             |       |    14 |    59 |    38 ||   111
       Reflection        |       |     1 |     3 |       ||     4

Table legend: (Time is in decaauts)
 A = Elapsed time spent in this place.
 B = Non-inter-level travel time spent in this place.
 C = Inter-level travel time spent in this place.
 D = Time resting spent in this place.
 E = Time spent auto-exploring this place.
 F = Levels seen in this place.
 G = Mean time per level.
                   A        B        C        D        E       F      G
               +--------+--------+--------+--------+--------+-----+--------+
         Total |  15616 |  15053 |    563 |   6247 |   5522 |  12 | 1301.3 |
       Dungeon |  15553 |  14990 |    563 |   6247 |   5522 |  10 | 1555.3 |
        Temple |     22 |     22 |      0 |      0 |      0 |   1 |   22.0 |
         Abyss |     39 |     39 |      0 |      0 |      0 |   1 |   39.0 |
               +--------+--------+--------+--------+--------+-----+--------+

Top non-repeatable levels by time:
     D:8: 3321 daAuts
     D:9: 2170 daAuts
     D:5: 2167 daAuts
     D:6: 1586 daAuts
     D:2: 1497 daAuts
     D:7: 1127 daAuts
     D:4: 1110 daAuts
    D:10: 1027 daAuts
     D:1: 956 daAuts
     D:3: 588 daAuts
 Abyss:2: 39 daAuts
  Temple: 22 daAuts
